 Dungeon Crawl Stone Soup version 0.27.0-65-ge2af304b15 (webtiles) character file.

Game seed: 16404789769125064258

4256 funkygono the Firebug (level 10, -11/54 HPs)
             Began as a Gargoyle Fire Elementalist on Aug 18, 2021.
             Was a Priest of Vehumet.
             Mangled by an orc warrior (12 damage)
             ... in a bailey.
             The game lasted 00:24:23 (9264 turns).

funkygono the Firebug (Gargoyle Fire Elementalist)  Turns: 9264, Time: 00:24:24

Health: -11/54     AC: 15    Str: 13    XL:     10   Next: 31%
Magic:  19/21      EV: 12    Int: 18    God:    Vehumet [***...]
Gold:   449        SH:  0    Dex: 10    Spells: 3/24 levels left

rFire    . . .     SeeInvis .   r - +5 whip
rCold    . . .     Faith    .   (no shield)
rNeg     + + .     Spirit   .   D - +1 steam dragon scales
rPois    ∞         Reflect  .   i - +0 helmet
rElec    +         Harm     .   (no cloak)
rCorr    .         Rampage  .   (no gloves)
Will     .....                  L - +0 pair of boots
Stlth    ++........             b - amulet of regeneration
HPRegen  1.18/turn              g - ring of positive energy
MPRegen  0.17/turn              q - ring of wizardry

@: no status effects
A: sickness immunity, AC +7, negative energy resistance 1, electricity
resistance, torment resistance 1, petrification resistance
a: Renounce Religion


You were in a bailey.
You worshipped Vehumet.
Vehumet was most pleased with you.
You visited 1 branch of the dungeon, and saw 8 of its levels.
You also visited: Sewer, Ossuary and Bailey.

You collected 449 gold pieces.

Inventory:

Hand Weapons
 c - a +2 whip
 r - a +5 whip (weapon)
 x - a +1 whip of freezing
Missiles
 d - 200 stones
Armour
 a - a +0 robe
 i - a +0 helmet (worn)
 j - a +1 animal skin
 o - a +0 scale mail
 s - a +0 leather armour
 D - +1 steam dragon scales (worn)
 I - a +0 buckler
 L - a +0 pair of boots (worn)
Jewellery
 b - an amulet of regeneration (around neck)
 g - a ring of positive energy (left hand)
 q - a ring of wizardry (right hand)
 F - an amulet of the acrobat
Wands
 k - a wand of polymorph (6)
 n - a wand of digging (8)
 y - a wand of mindburst (18)
 A - a wand of iceblast (8)
 C - a wand of paralysis (20)
Scrolls
 e - 2 scrolls of fear
 u - 3 scrolls of amnesia
 w - 2 scrolls of blinking
 B - a scroll of vulnerability
 E - 6 scrolls of teleportation
 G - a scroll of identify
 H - 2 scrolls of magic mapping
 K - a scroll of summoning
Potions
 f - 2 potions of lignification
 h - 3 potions of brilliance
 l - a potion of resistance
 m - a potion of cancellation
 p - 2 potions of heal wounds
 t - 2 potions of curing
 v - a potion of magic
 z - a potion of invisibility


   Skills:
 + Level 2.4 Fighting
 + Level 3.8 Maces & Flails
 + Level 3.9 Dodging
 - Level 2.1 Stealth
 + Level 7.6 Spellcasting
 + Level 7.6 Conjurations
 + Level 7.9 Fire Magic
 * Level 2.6 Ice Magic


You had 3 spell levels left.
You knew the following spells:

 Your Spells              Type           Power      Damage    Failure   Level
a - Foxfire               Conj/Fire      100%       2x1d9     1%          1
b - Conjure Flame         Conj/Fire      34%        6-21      1%          3
c - Sticky Flame          Conj/Fire      34%        2d5       1%          4
d - Fireball              Conj/Fire      17%        3d9       1%          5
e - Magic Dart            Conj           100%       1d8       1%          1
f - Searing Ray           Conj           68%        3d5       1%          2
g - Freeze                Ice            64%        1d8       1%          1
h - Dispel Undead         Necr           6%         3d8       38%         4

Your spell library contained the following spells:

 Spells                   Type           Power      Damage    Failure   Level
 Frozen Ramparts          Ice            32%        1d5       1%          3
 Shock                    Conj/Air       80%        1d8       1%          1
 Inner Flame              Hex/Fire       21%        N/A       1%          3
 Summon Small Mammal      Summ           24%        N/A       4%          1
 Blink                    Tloc           N/A        N/A       6%          2
 Corpse Rot               Necr/Air       N/A        N/A       6%          2
 Call Canine Familiar     Summ           6%         N/A       12%         3
 Lesser Beckoning         Tloc           3%         N/A       12%         3
 Summon Guardian Golem    Hex/Summ       6%         N/A       12%         3
 Swiftness                Air            6%         N/A       12%         3
 Fulminant Prism          Conj/Hex       10%        3d9       2%          4
 Airstrike                Air            3%         N/A       12%         4
 Manifold Assault         Tloc           6%         N/A       71%         5
 Death Channel            Necr           3%         N/A       99%         6


Dungeon Overview and Level Annotations

Branches:
Dungeon (8/15)             Temple (0/1) D:6           Sewer (visited)
Ossuary (visited)          Bailey (1/1)
   Lair: D:8-11

Altars:
Elyvilon
Makhleb
Qazlal
Vehumet
Wu Jian
Xom
The Shining One

Shops:
D:2 !   D:8 !


Innate Abilities, Weirdness & Mutations

You are immune to sickness and miasma.
Your stone body is resilient. (AC +7)
You are immune to poison.
You resist negative energy. (rN+)
You are resistant to electric shocks. (rElec)
You are resistant to unholy torment.
You are immune to petrification.


Message History

You feel your power returning.
The foxfire hits the orc warrior but does no damage.
Casting: Foxfire (safe; 1% risk of failure)
Confirm with . or Enter, or press ? or * to list all spells.
You conjure some foxfire!
The orc warrior closely misses you.
Casting: Foxfire (safe; 1% risk of failure)
Confirm with . or Enter, or press ? or * to list all spells.
You conjure some foxfire!
The foxfire hits the orc.
The orc is almost dead.
The foxfire hits the orc warrior.
The orc warrior is moderately wounded.
The orc warrior barely misses you.
The foxfire hits the orc.
You kill the orc!
Vehumet accepts your kill.
You feel your power returning.
Your foxfire dissipates!
Casting: Foxfire (safe; 1% risk of failure)
Confirm with . or Enter, or press ? or * to list all spells.
You conjure some foxfire!
The orc hits you from afar with a +0 trident.
* * * LOW HITPOINT WARNING * * *
The orc warrior barely misses you.
Casting: Foxfire (safe; 1% risk of failure)
Confirm with . or Enter, or press ? or * to list all spells.
Okay, then.
The foxfire hits the orc warrior but does no damage. x2
Magic courses through your body.
The orc warrior hits you but does no damage.
The orc barely misses you.
The orc warrior hits you from afar with a +0 halberd!
* * * LOW HITPOINT WARNING * * *
Things that are here:
a +0 halberd; an orc corpse
Casting: Foxfire (safe; 1% risk of failure)
Confirm with . or Enter, or press ? or * to list all spells.
You conjure some foxfire!
The orc hits you but does no damage.
The orc warrior hits you from afar with a +0 glaive.
* * * LOW HITPOINT WARNING * * *
The orc warrior hits you from afar with a +0 halberd!
You die...

#######
##..∩..##
#.......#
#∩.....∩#
#.......#
#....)..#
#.v).)).#
#..@.)).#
#...v)..#
#.oooo..#
#.......#
#...)...#
##.....##
###'###
#)..#
#...#


You could see 2 orc warriors and 2 orcs.

Vanquished Creatures
  Pikel (D:5)
  Maggie (D:6)
  A wraith (Ossuary)
  Eustachio (D:6)
  3 water moccasins
  2 orc warriors (Bailey)
  Duvessa (D:6)
  A black bear (D:4)
  3 sky beasts
  4 ogres
  2 centaurs (D:7)
  A phantom (D:6)
  Blork the orc (D:5)
  A bullfrog (D:6)
  3 scorpions
  Dowan (D:6)
  A water moccasin zombie (D:5)
  9 killer bees (D:7)
  4 wights (D:8)
  3 howler monkeys
  2 centaur zombies
  3 hounds (D:5)
  A bullfrog skeleton (D:5)
  A jelly (D:4)
  2 human skeletons (D:6)
  An iguana (D:5)
  2 hound zombies (D:5)
  A hound skeleton (D:4)
  A mummy (Ossuary)
  Robin (D:3)
  5 adders
  6 gnolls
  A shadow imp (D:6)
  A white imp (D:5)
  An ufetubus (D:7)
  A worm (D:4)
  4 dart slugs
  34 orcs
  8 endoplasms
  4 giant cockroaches
  18 goblins
  13 hobgoblins
  11 jackals
  12 kobolds
  2 quokkas
  10 ball pythons
  4 bats
  5 frilled lizards
  5 gnoll skeletons (Ossuary)
  7 kobold skeletons (Ossuary)
  16 orc skeletons
  An orc zombie (D:6)
  4 rats
232 creatures vanquished.

Vanquished Creatures (others)
  863 foxfires
863 creatures vanquished.

Grand Total: 1095 creatures vanquished

Notes
Turn   | Place    | Note
-------+----------+-------------------------------------------
     0 | D:1      | funkygono the Gargoyle Fire Elementalist began the quest
                  | for the Orb.
     0 | D:1      | Reached XP level 1. HP: 10/10 MP: 3/3
   160 | D:1      | Reached XP level 2. HP: 15/15 MP: 1/5
   399 | D:1      | Reached XP level 3. HP: 19/19 MP: 0/6
  1140 | D:2      | Found Suasegh's Distillery.
  1212 | D:2      | Reached XP level 4. HP: 24/24 MP: 0/7
  1619 | D:2      | Found a faded altar of an unknown god.
  1685 | D:2      | Learned a level 3 spell: Conjure Flame
  1690 | D:2      | Learned a level 4 spell: Sticky Flame
  2042 | D:3      | Noticed Robin
  2287 | D:3      | Killed Robin
  2288 | D:3      | Reached XP level 5. HP: 23/28 MP: 1/9
  3172 | D:4      | Noticed a water moccasin
  3183 | D:4      | Killed a water moccasin
  3184 | D:4      | Reached skill level 1 in Maces & Flails
  3184 | D:4      | Reached XP level 6. HP: 33/33 MP: 5/11
  3234 | D:4      | Noticed a black bear
  3243 | D:4      | Killed a black bear
  3419 | D:4      | Found a glowing drain.
  3435 | Sewer    | Entered a sewer
  3568 | Sewer    | Noticed a water moccasin
  3580 | Sewer    | Killed a water moccasin
  3581 | Sewer    | Reached XP level 7. HP: 26/37 MP: 6/13
  3978 | D:4      | Reached skill level 5 in Fire Magic
  4105 | D:4      | Found a radiant altar of Vehumet.
  4107 | D:4      | Found a shimmering altar of Xom.
  4199 | D:4      | Found an ornate altar of the Wu Jian Council.
  4199 | D:4      | Found a burning altar of Makhleb.
  4960 | D:4      | Learned a level 5 spell: Fireball
  5127 | D:5      | Entered Level 5 of the Dungeon
  5210 | D:4      | Reached skill level 5 in Spellcasting
  5210 | D:4      | Reached XP level 8. HP: 42/42 MP: 12/15
  5367 | D:5      | Noticed Blork the orc
  5375 | D:4      | Found a stormy altar of Qazlal.
  5471 | D:4      | Became a worshipper of Vehumet
  5493 | D:5      | Killed Blork the orc
  5702 | D:5      | Reached skill level 5 in Conjurations
  5759 | D:5      | Noticed Pikel
  5827 | D:5      | Killed Pikel
  5828 | D:5      | Reached skill level 1 in Fighting
  5828 | D:5      | Reached XP level 9. HP: 34/47 MP: 1/18
  6332 | D:5      | Learned a level 1 spell: Magic Dart
  6335 | D:5      | Learned a level 2 spell: Searing Ray
  6350 | D:6      | Found a white marble altar of Elyvilon.
  6445 | D:6      | Found a glowing golden altar of the Shining One.
  6549 | D:6      | Found a staircase to the Ecumenical Temple.
  6613 | D:6      | Noticed Eustachio
  6615 | D:6      | Noticed Maggie
  6652 | D:6      | Killed Maggie
  6661 | D:6      | Killed Eustachio
  6861 | D:6      | Reached * piety under Vehumet
  6861 | D:6      | Offered knowledge of Freeze by Vehumet.
  6867 | D:6      | Learned a level 1 spell: Freeze
  6906 | D:6      | Found a sand-covered staircase.
  6912 | Ossuary  | Entered an ossuary
  7323 | Ossuary  | Reached ** piety under Vehumet
  7323 | Ossuary  | Offered knowledge of Poisonous Vapours by Vehumet.
  7366 | D:6      | Reached skill level 1 in Ice Magic
  7455 | D:6      | Noticed Duvessa
  7456 | D:6      | Noticed Dowan
  7468 | D:6      | Killed Duvessa
  7473 | D:6      | Killed Dowan
  7680 | D:6      | Learned a level 4 spell: Dispel Undead
  8077 | D:7      | Reached XP level 10. HP: 48/53 MP: 12/20
  8902 | D:8      | Found Ifauts's Distillery.
  9115 | D:8      | Found a flagged portal.
  9148 | Bailey   | Entered a bailey
  9156 | Bailey   | Offered knowledge of Frozen Ramparts by Vehumet.
  9232 | Bailey   | Reached *** piety under Vehumet
  9262 | Bailey   | HP: 2/54 [orc warrior (15)]
  9264 | Bailey   | Mangled by an orc warrior

Illustrated notes

Levels and vault maps discovered:
D:1:      wander_arrival_lonely_grave, layout_basic, st_stairs_8
D:2:      layout_rooms, chequers_ecumenical_altar_island, serial_shops,
          nicolae_shop_crystal
D:3:      layout_basic, minmay_misc_feat_tiny, uniq_robin
D:4:      layout_layer_cave, nicolae_overflow_hidden_temple,
          cheibrodos_sewer_entry_sluice
D:5:      layout_rooms, minmay_crossroads, uniq_pikel, uniq_blork_the_orc
D:6:      layout_rooms, tso_metal_star, elyvilon_altar_4,
          minmay_temple_entry_ruins, nicolae_ossuary_entry_catacombs,
          uniq_maggie, uniq_duvessa, uniq_eustachio
D:7:      layout_layer_cave
D:8:      layout_basic, mainiacjoe_overflow_alcove_4, serial_shops, shop,
          enter_bailey_6
Bailey:   bailey_polearm_5, bailey

Skill      XL: |  1  2  3  4  5  6  7  8  9 10 |
---------------+-------------------------------+-----
Fire Magic     | 4 5 6 7 |  7.9
Conjurations   | 2 3 4 5 7 |  7.6
Spellcasting   | 3 4 5 6 7 |  7.6
Dodging        | 2 3 |  3.9
Maces & Flails | 1 2 3 |  3.8
Fighting       | 1 2 |  2.4
Ice Magic      | 1 2 |  2.6
Stealth        | |  2.1

Action                   |  1- 3 |  4- 6 |  7- 9 | 10-12 || total
-------------------------+-------+-------+-------+-------++-------
Melee: Unarmed           |     1 |       |       |       ||     1
       Whip              |    11 |    37 |   136 |    33 ||   217
 Cast: Foxfire           |    62 |   109 |   243 |    86 ||   500
       Sticky Flame      |       |       |     7 |     1 ||     8
       Conjure Flame     |       |       |     4 |     1 ||     5
  Use: Scroll            |     1 |     7 |    12 |       ||    20
       Potion            |       |       |     2 |     1 ||     3
 Stab: Sleeping          |       |       |     2 |       ||     2
Armor: Robe              |     7 |     4 |       |       ||    11
       Animal skin       |       |    25 |    38 |       ||    63
       Steam dragon scal |       |       |    48 |    37 ||    85
Dodge: Dodged            |    12 |    43 |   112 |    36 ||   203
